 Dungeon Crawl Stone Soup version 0.27.0-1-g7a089689b8 (webtiles) character file.

Game seed: 8920960615972013879

75 Malachi the Vexing (level 4, 0/23 (30) HPs)
             Began as a Vampire Enchanter on Aug 17, 2021.
             Slain by a necrophage (2 damage)
             ... on level 2 of the Dungeon.
             The game lasted 00:03:00 (1363 turns).

Malachi the Vexing (Vampire Enchanter)              Turns: 1363, Time: 00:03:01

HP:   0/23 (30)     AC:  2    Str:  7    XL:     4   Next: 11%
MP:   4/7           EV: 12    Int: 18    God:
Gold: 46            SH:  0    Dex: 14    Spells: 1/7 levels left

rFire    . . .     SeeInvis +   e - +0 dagger (elec)
rCold    . . .     Faith    .   (no shield)
rNeg     . . .     Spirit   .   b - +0 robe
rPois    .         Reflect  .   (no helmet)
rElec    .         Harm     .   (no cloak)
rCorr    .         Rampage  .   (no gloves)
Will     .....                  (no boots)
Stlth    +++.......             (no amulet)
HPRegen  0.27/turn              (no ring)
MPRegen  0.10/turn              (no ring)

@: confusing by touch, healing quickly, heavily drained
A: alive, fangs 3, see invisible, vampiric 2
a: Exsanguinate


You were on level 2 of the Dungeon.
You visited 1 branch of the dungeon, and saw 2 of its levels.

You collected 46 gold pieces.

Inventory:

Hand Weapons
 a - a +1 dagger
 e - a +0 dagger of electrocution (weapon)
Armour
 b - a +0 robe (worn)
Potions
 d - a potion of heal wounds
 g - a potion of brilliance
 h - a potion of resistance {unknown}
 i - a potion of curing {unknown}


   Skills:
 * Level 4.4 Short Blades
 - Level 2.1 Dodging
 - Level 4.4 Stealth
 - Level 2.0 Spellcasting
 - Level 4.4 Hexes


You had one spell level left.
You knew the following spells:

 Your Spells              Type           Power      Damage    Failure   Level
a - Corona                Hex            18%        N/A       3%          1
b - Ensorcelled Hibernat  Hex/Ice        18%        N/A       11%         2
c - Confusing Touch       Hex            17%        N/A       9%          3

Your spell library contained the following spells:

 Spells                   Type           Power      Damage    Failure   Level
 Freeze                   Ice            4%         1d3       19%         1
 Tukima's Dance           Hex            17%        N/A       9%          3
 Dazzling Flash           Conj/Hex       18%        N/A       22%         3
 Bolt of Magma            Conj/Fire/Erth 0%         4d4       99%         5
 Fire Storm               Conj/Fire      0%         6d1       100%        9


Dungeon Overview and Level Annotations

Branches:
Dungeon (2/15)

Altars:


Innate Abilities, Weirdness & Mutations

Your natural rate of healing is accelerated.
You have razor-sharp teeth.
You have supernaturally acute eyesight. (SInv)
You are afflicted with vampirism and can become a bat while bloodless.


Message History

Cast which spell? (? or * to list)
The spell is quite dangerous to cast (9% risk of failure)!
Continue anyway?
Your hands begin to glow red.
The necrophage hits you.
You are too injured to fight recklessly!
You are too injured to fight recklessly!
You are too injured to fight recklessly!
You are too injured to fight recklessly!
You hit the necrophage but do no damage.
The necrophage is heavily damaged.
The necrophage barely misses you.
You hit the necrophage but do no damage.
The necrophage is heavily damaged.
You hit the necrophage but do no damage.
The necrophage is heavily damaged.
The necrophage hits you.
* * * LOW HITPOINT WARNING * * *
You barely miss the necrophage.
The necrophage is moderately damaged.
The necrophage misses you.
You hit the necrophage but do no damage.
The necrophage is moderately damaged.
The necrophage barely misses you.
You hit the necrophage but do no damage.
The necrophage is moderately damaged.
You hit the necrophage but do no damage.
The necrophage is moderately damaged.
The necrophage closely misses you.
You hit the necrophage but do no damage.
The necrophage is moderately damaged.
The necrophage hits you but does no damage.
You hit the necrophage but do no damage.
The necrophage is moderately damaged.
The necrophage hits you.
* * * LOW HITPOINT WARNING * * *
You feel drained.
* * * LOW HITPOINT WARNING * * *
You closely miss the necrophage.
The necrophage is moderately damaged.
The necrophage hits you.
You die...

............##..........
.##.............##.#.#..
#...........÷......[..
#.##...#..##.########. #.
#...#..##.## #. ##.
#.##...#..#...### #. ⌠.
#.##........#...# #. ##
#.##.##n.##..#...#.#####.
...###.#.....@#...#...........
#.............#.#.÷.#.......##
#........#####..(..>.#.###.# #
####......#######..####.# #.#
.......>....<......# #.# #.#
####.....#########.# #.###.#
#.....# #..# #...#.# ###.#.#
#.## ###.#.# ## #.#.. #.#
#.#.#


You could see a necrophage.

Vanquished Creatures
  Jessica (D:2)
  Natasha (D:2)
  A worm (D:2)
  A dart slug (D:2)
  An endoplasm (D:2)
  A giant cockroach (D:1)
  3 goblins
  A kobold (D:1)
  A quokka (D:1)
  A ball python (D:2)
  6 bats
  A frilled lizard (D:1)
  4 rats
23 creatures vanquished.

Notes
Turn   | Place    | Note
-------+----------+-------------------------------------------
     0 | D:1      | Malachi the Vampire Enchanter began the quest for the Orb.
     0 | D:1      | Reached XP level 1. HP: 13/13 MP: 3/3
   585 | D:1      | Reached XP level 2. HP: 19/19 MP: 5/5
   588 | D:1      | Learned a level 2 spell: Ensorcelled Hibernation
  1076 | D:2      | Noticed Natasha
  1076 | D:2      | Noticed Jessica
  1086 | D:2      | Killed Natasha
  1087 | D:2      | Gained mutation: You are afflicted with vampirism and can
                  | become a bat while bloodless. [Vampire growth]
  1087 | D:2      | Reached XP level 3. HP: 24/24 MP: 6/6
  1087 | D:2      | Killed Jessica
  1088 | D:2      | Reached XP level 4. HP: 30/30 MP: 7/7
  1176 | D:2      | Got Jeyxu's Guide on Snow and the Arsonist
  1183 | D:2      | Noticed a necrophage
  1351 | D:1      | Learned a level 3 spell: Confusing Touch
  1363 | D:2      | Slain by a necrophage

Illustrated notes

Levels and vault maps discovered:
D:1:      dpeg_arrival_lava_altar, layout_loops_corners, patterned_corridor
D:2:      layout_loops_ring, ebering_ecumenical_altar_hall, uniq_natasha,
          uniq_sigmund, uniq_jessica

Skill      XL: |  1  2  3 |
---------------+----------+-----
Short Blades   | 2 3 4 |  4.4
Dodging        | |  2.1
Stealth        | |  4.4
Spellcasting   | |  2.0
Hexes          | |  4.4

Action                   |  1- 3 |  4- 6 || total
-------------------------+-------+-------++-------
Melee: Dagger            |    34 |    50 ||    84
       Bite              |     2 |     2 ||     4
 Cast: Confusing Touch   |       |     1 ||     1
  Use: Scroll            |       |     3 ||     3
 Stab: Sleeping          |    13 |     1 ||    14
Armor: Robe              |     5 |    18 ||    23
Dodge: Dodged            |    21 |    20 ||    41
